 Dungeon Crawl Stone Soup version 0.15.0-18-g9076a4f (webtiles) character file.

496 Jenx the Skirmisher (level 7, 0/41 HPs)
             Began as a Vine Stalker Monk on Sept 7, 2014.
             Succumbed to a scorpion's poison
             ... on Level 4 of the Dungeon.
             The game lasted 00:13:53 (3063 turns).

Jenx the Skirmisher (Vine Stalker Monk)             Turns: 3063, Time: 00:13:53

HP   0/41        AC  3     Str 14      XL: 7   Next: 15%
MP   4/9         EV 12     Int 16      God:
Gold 106         SH  0     Dex 15 (17) Spells:  0 memorised,  6 levels left

rFire  . . .     SeeInvis .       - Unarmed
rCold  . . .     Clarity  .     o - +0 leather armour
rNeg   . . .     rCorr    .     (no shield)
rPois  .         rRot     +     (no helmet)
rElec  .         Spirit   +     (no cloak)
SustAb .         Warding  .     (no gloves)
rMut   .         Stasis   .     (no boots)
Gourm  .                        (no amulet)
MR     .....                    (no ring)
                                (no ring)

@: brilliant, lethally poisoned, not resistant to hostile enchantments,
unstealthy
A: fangs 2, regeneration 2, magic shield, antimagic bite, no device heal 3, rot
immunity
a: no special abilities


You were on level 4 of the Dungeon.
You were not hungry.

You visited 1 branch of the dungeon, and saw 4 of its levels.

You collected 106 gold pieces.

Inventory:

Hand weapons
 d - a cursed -2 short sword
Missiles
 h - 38 stones (quivered)
 q - 8 curare-tipped needles
Armour
 i - a +0 scale mail
 o - a +0 leather armour (worn)
Magical devices
 g - a wand of paralysis (10)
Comestibles
 b - 3 bread rations
 k - 2 meat rations
 m - a chunk of bat flesh
 t - a beef jerky
Scrolls
 c - a scroll of teleportation {unknown}
 e - 2 scrolls of fog
 f - a scroll of fear {unknown}
 l - a scroll of enchant armour {unknown}
 r - a scroll of identify
 v - a scroll of blinking {unknown}
Jewellery
 j - an uncursed ring of flight


   Skills:
 * Level 6.5 Fighting
 + Level 2.0 Armour
 - Level 2.8 Dodging
 - Level 2.4 Stealth
 - Level 4.0 Unarmed Combat


You had 6 spell levels left.
You didn't know any spells.

Dungeon Overview and Level Annotations

Branches:
Dungeon (4/15)
 Temple: D:4-7

Altars:
Makhleb


Innate Abilities, Weirdness & Mutations

You have extremely sharp teeth.
You heal very quickly.
When hurt, damage is shared between your health and your magic reserves.
Your bite disrupts and absorbs the magic of your enemies.
Potions and wands cannot restore your health.
You are immune to rotting.


Message History

You feel sick. The scorpion barely misses you.
You hit the scorpion.
You bite the scorpion, but do no damage.
The scorpion is severely wounded.
* * * LOW HITPOINT WARNING * * *
You feel sick.
Drink which item? (? for menu, Esc to quit)
You feel clever all of a sudden.
It was a potion of brilliance.
* * * LOW HITPOINT WARNING * * *
You feel sick. The scorpion closely misses you.
Drink which item? (? for menu, Esc to quit)
There was something very wrong with that liquid!
You feel clumsy.
It was a potion of degeneration.
* * * LOW HITPOINT WARNING * * *
You feel sick. The scorpion closely misses you.
You closely miss the scorpion.
The scorpion is severely wounded.
You die...

#.##.####### #......#### #.##)#
## #####.##....... #.##.# #.
##...#.##....... #.##.# #.#
#.)#...##....... #.##.# ..
#.####.#........ ###.##.#
#.####.####.#........ ..#.##.#
#..##..#<...#........ #.#....#
##.#P.####..#........ .......##)
#P^.@## #..#........
#.####.##..P#.P.s#####..#........
#.# #.##.......##......#########
#'####.####..P.##.......######...
.......#.......##.............<##
.......#.......##..###..######.#
..)....#......#.#............#.##
.......##.P..#####..............#
.......###... #..................


You could see a scorpion.

Vanquished Creatures
  An ogre (D:4)
  4 scorpions (D:4)
  A hound (D:3)
  An orc priest (D:3)
  An orc wizard (D:3)
  A worker ant (D:4)
  A hound skeleton (D:4)
  An adder (D:2)
  A giant mite (D:4)
  2 worms
  2 giant geckos
  3 orcs (D:3)
  2 giant cockroaches (D:1)
  8 hobgoblins
  9 jackals
  9 kobolds
  2 ball pythons
  15 bats
  A giant newt (D:1)
  12 goblins
  8 rats
85 creatures vanquished.

Notes
Turn   | Place    | Note
--------------------------------------------------------------
     0 | D:1      | Jenx, the Vine Stalker Monk, began the quest for the Orb.
     0 | D:1      | Reached XP level 1. HP: 11/11 MP: 1/1
   164 | D:1      | Reached XP level 2. HP: 16/16 MP: 3/3
   853 | D:2      | Reached XP level 3. HP: 16/20 MP: 4/4
  1352 | D:3      | Reached XP level 4. HP: 22/25 MP: 5/5
  1427 | D:3      | Found a burning altar of Makhleb.
  2202 | D:3      | Reached XP level 5. HP: 30/30 MP: 7/7
  2297 | D:3      | Reached skill level 5 in Fighting
  2626 | D:4      | Reached skill level 1 in Armour
  2626 | D:4      | Gained mutation: You heal very quickly. [vine stalker growth]
  2626 | D:4      | Reached XP level 6. HP: 14/36 MP: 3/8
  2693 | D:4      | Reached skill level 6 in Fighting
  2695 | D:4      | Noticed an ogre
  2950 | D:4      | Killed an ogre
  2950 | D:4      | Reached XP level 7. HP: 6/41 MP: 1/9
  3062 | D:4      | HP: 1/41 [poisoned by a scorpion]
  3063 | D:4      | Succumbed to a scorpion's poison

Action                   |  1- 3 |  4- 6 |  7- 9 || total
-------------------------+-------+-------+-------++-------
Melee: Unarmed           |   122 |   157 |    32 ||   311
Throw: Stone             |     1 |     5 |       ||     6
Evoke: Wand              |       |     5 |       ||     5
  Use: Scroll            |     4 |     4 |       ||     8
       Potion            |       |     2 |     2 ||     4
 Stab: Sleeping          |     4 |     1 |       ||     5
       Paralysed         |       |     5 |       ||     5
       Held in net/web   |       |     1 |       ||     1
  Eat: Chunk             |     1 |     2 |       ||     3
       Bread ration      |       |     1 |       ||     1
